 Dungeon Crawl Stone Soup version 0.29-a0-284-gf9362112df (webtiles) character file.

Game seed: 1035792252810274680

21 spaghetti the Digger (level 2, 0/20 HPs)
             Began as a Demigod Earth Elementalist on Mar 21, 2022.
             Slain by a jackal (3 damage)
             ... on level 1 of the Dungeon.
             The game lasted 00:01:39 (1011 turns).

spaghetti the Digger (Demigod Earth Elementalist)   Turns: 1011, Time: 00:01:40

Health: 0/20       AC:  3    Str:  9    XL:     2   Next: 45%
Magic:  5/7        EV: 12    Int: 17    God:
Gold:   62         SH:  0    Dex: 14    Spells: 3/4 levels left

rFire   . . .      SeeInvis .   k - +1 dagger (vamp) {short}
rCold   . . .      Faith    .   (no shield)
rNeg    . . .      Spirit   .   b - +0 robe
rPois   .          Reflect  .   (no helmet)
rElec   .          Harm     .   (no cloak)
rCorr   .          Rampage  .   (no gloves)
Will    .....                   j - +0 pair of boots
Stlth   ++........              (no amulet)
HPRegen 0.06/turn               (no ring)
MPRegen 0.10/turn               (no ring)

@: no status effects
A: high MP 1, forlorn, divine attributes
a: no special abilities


You were on level 1 of the Dungeon.
You visited 1 branch of the dungeon, and saw 1 of its levels.

You collected 62 gold pieces.


Innate Abilities, Weirdness & Mutations

You have an increased reservoir of magic. (+10% MP)
You shall have no god before yourself.
Your divine heritage dramatically boosts your attributes as you level up.


   Skills:
 * Level 0.4 Short Blades
 - Level 1.7 Dodging
 - Level 1.7 Stealth
 - Level 1.7 Spellcasting
 + Level 1.6 Transmutations
 + Level 3.1 Earth Magic


You had 3 spell levels left.
You knew the following spells:

 Your Spells              Type           Power      Damage    Failure   Level
a - Sandblast             Erth           24%        2d8       5%          1

Your spell library contained the following spells:

 Spells                   Type           Power      Damage    Failure   Level
 Passwall                 Tmut/Erth      7%         N/A       11%         2
 Animate Skeleton         Necr           2%         N/A       21%         1
 Apportation              Tloc           2%         N/A       21%         1
 Pain                     Necr           4%         1d4       21%         1
 Summon Small Mammal      Summ           4%         N/A       21%         1
 Stone Arrow              Conj/Erth      12%        3d7       30%         3
 Vampiric Draining        Necr           1%         2d6       52%         3
 Petrify                  Tmut/Erth      9%         N/A       58%         4

Inventory:

Hand Weapons
 d - a +0 dagger {short}
   (You took it off a goblin on level 1 of the Dungeon)
 g - a +0 whip {mace}
   (You took it off a goblin on level 1 of the Dungeon)
 i - a +0 spear {polearm}
   (You found it on level 1 of the Dungeon)
 k - a +1 vampiric dagger (weapon) {short}
   (You took it off a goblin on level 1 of the Dungeon)
Missiles
 a - 48 stones {throwing}
Armour
 b - a +0 robe (worn)
 j - a +0 pair of boots (worn)
   (You found it on level 1 of the Dungeon)
Scrolls
 l - a scroll of magic mapping {!r}
Potions
 c - a potion of magic
 e - 2 potions of brilliance {unknown}
 f - a potion of heal wounds {unknown}

Dungeon Overview and Level Annotations

Branches:
Dungeon (1/15)

#'#..# ......#
...โŒ .# ......#
.....# ..... ######
.... ##...## #..#
#.....## #### #..#
.......####..# #l.#
.............###h##
........##..###h@#
......####.## #..#
#.....## #.# #..#
.......# #.# #..#
.....รท.###.####..#
.....รท..##.##...##
..#####.#..##.#.#
..#8.8#....##.#.#
###...###8.#..#.#


You could see 2 jackals and a frilled lizard.


Message History

As you read the scroll labelled GEFAAQ UXTU, it crumbles to dust.
You feel strangely unstable.
It was a scroll of teleportation.
As you read the scroll labelled WIMYAM MYATO, it crumbles to dust.
It is a scroll of identify.
l - a scroll of magic mapping Your surroundings suddenly seem different.
Unknown command.
You now have 62 gold pieces (gained 13).
Key pressed, stopping explore.
f - a fizzy black potion You feel your willpower return.
a - 50 stones {throwing} (gained 29)
You see here a +0 short sword {short}.
Key pressed, stopping explore.
An endoplasm comes into view.
An endoplasm is nearby!
An endoplasm is nearby!
A jackal comes into view.
The helpless endoplasm fails to defend itself.
You hit the endoplasm.
You kill the endoplasm!
A jackal comes into view.
A jackal comes into view.
A jackal comes into view.
You hit the jackal.
The jackal barks!
The jackal bites you.
The jackal bites you but does no damage. ๐Ÿ˜• HP[-1]
You take 1 damage, and now have 19/20 hp.
You hit the jackal. The jackal closely misses you.
A frilled lizard comes into view.
You closely miss the jackal.
The frilled lizard hisses angrily.
The jackal bites you.
The jackal barely misses you. ๐Ÿ˜• HP[-1]
You take 1 damage, and now have 18/20 hp.
You hit the jackal. The jackal closely misses you.
The jackal bites you but does no damage.
You hit the jackal but do no damage. The jackal completely misses you.
The jackal bites you. ๐Ÿ˜• HP[-1]
You take 1 damage, and now have 17/20 hp.
You hit the jackal.
You feel better. The jackal barely misses you. The jackal closely misses you.
The jackal bites you.
The jackal closely misses you. ๐Ÿ˜• HP[-1]
You take 1 damage, and now have 16/20 hp.
You completely miss the jackal. The jackal misses you. The jackal bites you.
The jackal bites you but does no damage.
The jackal bites you.
The jackal closely misses you. ๐Ÿ˜ฎ HP[-5]
You take 5 damage, and now have 11/20 hp.
MASSIVE DAMAGE!! (PAUSE)
The jackal bites you.
* * * LOW HITPOINT WARNING * * *
The jackal bites you.
* * * LOW HITPOINT WARNING * * *
๐Ÿ˜จ HP[-4]
You take 4 damage, and now have 7/20 hp.
You hit the jackal.
You kill the jackal!
You swing at nothing.
The jackal bites you.
* * * LOW HITPOINT WARNING * * *
The jackal bites you but does no damage. ๐Ÿ˜จ HP[-1]
You take 1 damage, and now have 6/20 hp.
You hit the jackal.
You feel better. The jackal barely misses you.
The jackal closely misses you. ๐Ÿ˜จ HP[+1]
You barely miss the jackal. The jackal closely misses you.
The jackal misses you.
The jackal bites you but does no damage.
You miss the jackal. The jackal misses you. The jackal barely misses you.
The jackal bites you but does no damage.
You barely miss the jackal. The jackal bites you.
* * * LOW HITPOINT WARNING * * *
The jackal bites you but does no damage. ๐Ÿ˜จ HP[-1]
You take 1 damage, and now have 6/20 hp.
Unknown command.
Aiming: Sandblast (safe; 5% risk of failure)
Press: ? - help, Q - select action, (/) - cycle Shift-Dir - straight line, f/p - jackal
Aim: a jackal (moderately wounded, 74% to hit)
The blast of sand hits the jackal.
The jackal barely misses you.
The jackal bites you but does no damage.
The jackal bites you.
* * * LOW HITPOINT WARNING * * *
๐Ÿ˜ฑ HP[-3] MP[-1]
You take 3 damage, and now have 3/20 hp.
You lost 1 mp, and now have 6/7 mp.
Aiming: Sandblast (safe; 5% risk of failure)
Press: ? - help, Q - select action, (/) - cycle Shift-Dir - straight line, f/p - jackal
Aim: a jackal (severely wounded, 74% to hit)
The blast of sand hits the jackal!
You kill the jackal!
The jackal barely misses you. The jackal bites you.
You die...

Skill      XL: |  1 |
---------------+----+-----
Transmutations | 1 |  1.6
Earth Magic    | 3 |  3.1
Short Blades   | |  0.4
Dodging        | |  1.7
Stealth        | |  1.7
Spellcasting   | |  1.7

Action                   || total
-------------------------++-------
Melee: Unarmed           ||     6
       Dagger            ||    23
       Whip              ||     7
 Cast: Sandblast         ||    23
  Use: Scroll            ||     4
 Stab: Sleeping          ||     1
Armor: Robe              ||    15
Dodge: Dodged            ||    48

Levels and vault maps discovered:
D:1:      scummos_arrival_simple_fountains, layout_rooms,
          dreamdust_ecumenical_altar_angels_and_demons, serial_shops, shop

Notes
Turn   | Place    | Note
-------+----------+-------------------------------------------
     0 | D:1      | spaghetti the Demigod Earth Elementalist began the quest
                  | for the Orb.
     0 | D:1      | Reached XP level 1. HP: 14/14 MP: 5/5
     0 | D:1      | magus.rc [v1.9.6]
   114 | D:1      | Reached skill level 1 in Transmutations
   188 | D:1      | You pick up a book of Necromancy and begin reading...
   188 | D:1      | You add the spells Pain, Animate Skeleton and Vampiric
                  | Draining to your library.
   249 | D:1      | Reached skill level 3 in Earth Magic
   272 | D:1      | You pick up a book of Cantrips and begin reading...
   272 | D:1      | You add the spells Summon Small Mammal and Apportation to
                  | your library.
   305 | D:1      | Reached XP level 2. HP: 20/20 MP: 2/7
  1010 | D:1      | HP: 3/20 [jackal (3)]
  1011 | D:1      | Slain by a jackal

Vanquished Creatures
  A ball python (D:1)
  2 bats (D:1)
  2 endoplasms (D:1)
  3 goblins (D:1)
  A hobgoblin (D:1)
  4 jackals (D:1)
  A kobold (D:1)
  A quokka (D:1)
  A frilled lizard (D:1)
  2 rats (D:1)
18 creatures vanquished.

Table legend:
 A = Non-vault XP
 B = Vault XP
 C = Vault XP percentage of total XP
 D = Non-vault monster count
 E = Vault monster count
 F = Vault count percentage of total count
                 A         B        C        D         E       F
            +---------+---------+-------+---------+---------+-------
      Total |      32 |       0 |   0.0 |      18 |       0 |   0.0
            +---------+---------+-------+---------+---------+-------
        D:1 |      32 |       0 |   0.0 |      18 |       0 |   0.0
            +---------+---------+-------+---------+---------+-------

Illustrated notes

Table legend:
 A = Kills in this place as a percentage of kills in entire the game.
 B = Kills by you in this place as a percentage of kills by you in the entire game.
 C = Kills by friends in this place as a percentage of kills by friends in the entire game.
 D = Other kills in this place as a percentage of other kills in the entire game.
 E = Experience gained in this place as a percentage of experience gained in the entire game.
 F = Experience gained in this place divided by the number of levels of this place that you have seen.
                   A       B       C       D       E      F
               +-------+-------+-------+-------+-------+----------------------
         Total | 100.0 | 100.0 |   N/A |   N/A | 100.0 |  32.0
       Dungeon | 100.0 | 100.0 |   N/A |   N/A | 100.0 |  32.0
               +-------+-------+-------+-------+-------+----------------------

Table legend: (Time is in decaauts)
 A = Elapsed time spent in this place.
 B = Non-inter-level travel time spent in this place.
 C = Inter-level travel time spent in this place.
 D = Time resting spent in this place.
 E = Time spent auto-exploring this place.
 F = Levels seen in this place.
 G = Mean time per level.
                   A        B        C        D        E       F      G
               +--------+--------+--------+--------+--------+-----+--------+
         Total |   1009 |   1009 |      0 |    144 |    699 |   1 | 1009.0 |
       Dungeon |   1009 |   1009 |      0 |    144 |    699 |   1 | 1009.0 |
               +--------+--------+--------+--------+--------+-----+--------+

Top non-repeatable levels by time:
     D:1: 1009 daAuts
